AoeStats
← Chiripa605

Pilgrims

508202647Analyzed
4v4 RM · 10d ago on Sep 21, 2026· 25m 26s· 8 players
Game mode
Random Map
Map size
Large (8 player)
Population
200
Speed
Normal
Resources
Standard
Victory
Conquest
Starting age
Dark Age
Ending age
Imperial Age
RankedLock teamsTeams togetherTeam positionsShared explorationLock speedFull tech treeHidden civsTurbo modeCheats
Victory
Defeat
🇨🇳 Malians · China
1356
+14
🇺🇸 Italians · United States
1355
+14
🇺🇦 Goths · Ukraine
1342
+15
🇹🇷 Tupi · Türkiye
1292
+17
🇦🇷 Armenians · Argentina
1418
-20
🇨🇳 Vietnamese · China
1299
-14
🇨🇳 Bohemians · China
1293
-14
🇨🇳 Burgundians · China
1230
-12
FM
15:28 Feudal Age
21:35 Castle Age
23:21 Double-Bit Axe
小传奇
8:09 Loom
10:22 Feudal Age
13:04 Town Watch
13:20 Fletching
27:29 Castle Age
2307972140
5:45 Loom
13:21 Feudal Age
14:45 Double-Bit Axe
14:52 Fletching
16:20 Fishing Lines
巨浪大切
6:22 Double-Bit Axe
6:35 Fishing Lines
11:25 Feudal Age
14:59 Castle Age
13:41 Bow Saw
13:24 Gillnets
15:51 Wheelbarrow
15:45 Horse Collar
17:38 Town Watch
18:00 Heavy Plow
19:04 Scale Barding Armor
19:11 Forging
19:19 Cavalier
21:15 Husbandry
23:50 Chain Barding Armor
aka Frost1e
13:17 Feudal Age
14:00 Double-Bit Axe
14:39 Loom
15:50 Horse Collar
18:29 Castle Age
16:51 Gold Mining
17:10 Stone Mining
19:54 Bow Saw
21:04 Anarchy
24:14 Fishing Lines
Chiripa605
5:23 Loom
11:15 Feudal Age
13:33 Double-Bit Axe
19:35 Castle Age
20:53 Medium Warships
23:47 Bow Saw
24:33 Wheelbarrow
25:48 Forging
Tameryig1t
6:38 Loom
10:04 Feudal Age
11:53 Double-Bit Axe
17:11 Castle Age
15:05 Fletching
15:15 Padded Archer Armor
15:30 Stone Mining
18:23 Bodkin Arrow
18:43 Leather Archer Armor
18:41 Bow Saw
18:12 Horse Collar
18:43 Bow Saw
18:26 Gold Mining
22:20 Wheelbarrow
23:07 Ballistics
25:02 Hand Cart
叫声乌鸦哥
4:19 Loom
10:45 Feudal Age
11:46 Town Watch
12:00 Double-Bit Axe
14:32 Castle Age
14:14 Fishing Lines
16:29 Forging
18:02 Scale Mail Armor
19:45 Squires
Connection lost

Rejoining the realm…

Still unreachable

The connection could not be restored.

Session expired

The server has moved on; the page needs a fresh start.